AoeStats
← nice_am_been

Arena

506668101Analyzed
1v1 RM · 17d ago on Sep 14, 2026· 29m 25s· 2 players
Game mode
Random Map
Map size
Tiny (2 player)
Population
200
Speed
Normal
Resources
Standard
Victory
Conquest
Starting age
Dark Age
Ending age
Imperial Age
RankedLock teamsTeams togetherTeam positionsShared explorationLock speedFull tech treeHidden civsTurbo modeCheats
Victory
Defeat
🇨🇴 Spanish · Colombia
738
+14
🇩🇪 Bohemians · Germany
698
-14
nice_am_been
7:25 Loom
11:51 Feudal Age
13:48 Double-Bit Axe
13:46 Horse Collar
15:39 Wheelbarrow
19:47 Castle Age
18:45 Man-at-Arms
19:44 Fletching
19:56 Padded Archer Armor
20:55 Bodkin Arrow
20:48 Crossbowman
21:49 Squires
23:22 Leather Archer Armor
26:42 Bow Saw
30:44 Imperial Age
29:44 Ballistics
davidmorojas
2:55 Loom
11:52 Feudal Age
16:47 Castle Age
16:49 Horse Collar
17:19 Double-Bit Axe
21:27 Wheelbarrow
22:47 Fletching
23:04 Gold Mining
24:49 Stone Mining
25:18 Heavy Plow
26:32 Bodkin Arrow
26:47 Forging
Connection lost

Rejoining the realm…

Still unreachable

The connection could not be restored.

Session expired

The server has moved on; the page needs a fresh start.